 Dungeon Crawl Stone Soup version 0.24.0-125-gc4c63601f3 (webtiles) character file.

Game seed: 15170236615742941979, levelgen mode: deterministic

88 Electrofox the Chopper (level 4, -1/36 HPs)
             Began as a Draconian Warper on Mar 17, 2020.
             Killed from afar by Sigmund (6 damage)
             ... with a magic dart
             ... on level 2 of the Dungeon.
             The game lasted 00:10:07 (2359 turns).

Electrofox the Chopper (Draconian Warper)           Turns: 2359, Time: 00:10:07

Health: -1/36      AC:  5    Str: 13    XL:     4   Next: 30%
Magic:  3/7        EV: 12    Int: 15    God:
Gold:   80         SH:  0    Dex: 10    Spells: 3/7 levels left

rFire    . . .     SeeInvis .   a - +0 hand axe
rCold    . . .     Gourm    .   (no shield)
rNeg     . . .     Faith    .   (armour unavailable)
rPois    .         Spirit   .   (helmet restricted)
rElec    .         Reflect  .   (no cloak)
rCorr    .         Harm     .   (no gloves)
MR       .....                  (no boots)
Stlth    +.........             (no amulet)
HPRegen  0.12/turn              (no ring)
MPRegen  0.10/turn              (no ring)

@: very slightly contaminated
A: unfitting armour, cold-blooded, AC +5
a: no special abilities


You were on level 2 of the Dungeon.
You were hungry.

You visited 1 branch of the dungeon, and saw 2 of its levels.

You collected 80 gold pieces.

Inventory:

Hand Weapons
 a - a +0 hand axe (weapon)
Missiles
 d - 2 boomerangs of dispersal (quivered)
Armour
 e - a +0 pair of boots
Jewellery
 i - an uncursed amulet of harm {unknown}
 l - an uncursed amulet of harm {unknown}
Scrolls
 c - a scroll of blinking
 g - 2 scrolls of magic mapping {unknown}
 h - 3 scrolls of identify {unknown}
 j - a scroll of teleportation {unknown}
 k - a scroll of remove curse {unknown}
 m - a scroll of random uselessness {unknown}
Potions
 b - a potion of curing {unknown}
 o - 2 potions of mutation {unknown}
Comestibles
 f - a ration


   Skills:
 - Level 2.1 Fighting
 + Level 4.6 Axes
 - Level 0.8 Throwing
 - Level 2.1 Dodging
 - Level 2.0 Spellcasting
 - Level 3.0 Translocations


You had 3 spell levels left.
You knew the following spells:

 Your Spells              Type           Power        Failure   Level  Hunger
a - Blink                 Tloc           N/A          10%         2    ###....
b - Shroud of Golubria    Chrm/Tloc      #.....       19%         2    ###....

Your spell library contained the following spells:

 Spells                   Type           Power        Failure   Level  Hunger
 Gell's Gravitas          Tloc           ##........   19%         3    ###....
 Lesser Beckoning         Tloc           ##........   19%         3    ###....
 Teleport Other           Tloc           ##......     19%         3    ###....
 Passage of Golubria      Tloc           N/A          54%         4    #####..


Dungeon Overview and Level Annotations

Branches:
Dungeon (2/15)

Altars:

Annotations:
D:2 Sigmund


Innate Abilities, Weirdness & Mutations

Your plain brown scales are hard. (AC +5)
You cannot fit into any form of body armour.
You are cold-blooded and may be slowed by cold attacks.


Message History

You hear some strange, mumbled words.
A puff of flame appears from out of thin air!
The puff of flame hits you! Something hits you.
You feel less confused.
Sorry, you're not good enough to have a special ability.
A magic dart appears from out of thin air!
The magic dart hits you!
* * * LOW HITPOINT WARNING * * *
Casting: Blink (safe; 10% risk of failure)
Confirm with . or Enter, or press ? or * to list all spells.
You miscast Blink.
You are very lightly contaminated with residual magic.
Your skin tingles.
Casting: Blink (safe; 10% risk of failure)
Confirm with . or Enter, or press ? or * to list all spells.
You blink.
Sigmund gestures at you while chanting. The magic dart hits you.
You die...

###.#####..(#.#.#.#. #....
#.....@...#.#.#.#.# #....
#####.....#.#.#...# #....
#.....#.#.#...# #....
#######.......#.#...#########
#####.............#...#>.........
......#####........##.#.........^
.####.................#..........
.# #########...@...#<..#########
.# #.........###.#.#...# #.... .#
#.######### #.#.#.#.# #.w.. .#
#.# #.#.#.### #.... .####.#
#.#.#...# #.... .##...###
#.#.###.# #.... .##.....#
#.#.....# #.... ....#.#.#
#.####### .#......#


You could see Sigmund.

Vanquished Creatures
  Jessica (D:2)
  An adder (D:2)
  An ooze (D:1)
  2 worms (D:2)
  3 dart slugs
  3 leopard geckos
  A giant cockroach (D:1)
  4 goblins (D:1)
  7 hobgoblins (D:1)
  3 jackals (D:1)
  4 kobolds
  2 frilled lizards
  A rat (D:2)
33 creatures vanquished.

Notes
Turn   | Place    | Note
-------+----------+-------------------------------------------
     0 | D:1      | Electrofox the Draconian Warper began the quest for the
                  | Orb.
     0 | D:1      | Reached XP level 1. HP: 17/17 MP: 3/3
   245 | D:1      | Reached XP level 2. HP: 24/24 MP: 5/5
   249 | D:1      | Learned a level 2 spell: Blink
   252 | D:1      | Learned a level 2 spell: Shroud of Golubria
   276 | D:1      | Reached skill level 3 in Axes
   612 | D:1      | Reached XP level 3. HP: 15/29 MP: 6/6
  1756 | D:2      | Reached skill level 4 in Axes
  2032 | D:2      | Noticed Jessica
  2045 | D:2      | Killed Jessica
  2045 | D:2      | Reached XP level 4. HP: 15/36 MP: 7/7
  2250 | D:2      | Noticed Sigmund
  2359 | D:2      | Killed from afar by Sigmund

Levels and vault maps discovered:
D:1:      dpeg_arrival_circle_labyrinth_c, layout_basic, serial_curves,
          eino_curves_04, eino_curves_02, hangedman_abyss_or_decor_lesser_grid
D:2:      layout_basic, serial_co_window_serial, co_window_corner_a,
          co_window_paths_b, co_window_paths_b, co_window_corner_a,
          co_window_paths_a, co_window_corner_a, co_window_corner_cb,
          co_window_corner_b, co_window_of_opportunity_b, co_window_corner_b,
          co_window_unsneaky_path_e, co_window_corner_cb, co_window_4corner_b,
          glass_columns_a, glass_columns_a, glass_columns_b, glass_columns_a,
          glass_columns_a, first_ration, uniq_sigmund, uniq_jessica

Skill      XL: |  1  2  3 |
---------------+----------+-----
Axes           | 3 4 |  4.6
Fighting       | |  2.1
Throwing       | |  0.8
Dodging        | |  2.1
Spellcasting   | |  2.0
Translocations | |  3.0

Action                   |  1- 3 |  4- 6 || total
-------------------------+-------+-------++-------
Melee: Hand axe          |   126 |     9 ||   135
       Tailslap          |    22 |       ||    22
Throw: Boomerang         |     1 |     2 ||     3
 Cast: Blink             |     1 |     1 ||     2
 Stab: Sleeping          |     1 |       ||     1
  Eat: Chunk             |     4 |       ||     4
Armor: Skin              |    28 |     4 ||    32
Dodge: Dodged            |    83 |     3 ||    86
